 Dungeon Crawl Stone Soup version 0.26.0-10-g1f06aea511 (webtiles) character file.

Game seed: 17016170508914869122

118 Arum the Shield-Bearer (level 5, -3/42 HPs)
             Began as a Formicid Fighter on Jan 14, 2021.
             Was a Follower of Elyvilon.
             Slain by an orc warrior
             ... wielding a +0 glaive
              (23 damage)
             ... on level 3 of the Dungeon.
             The game lasted 00:02:03 (1875 turns).

Arum the Shield-Bearer (Formicid Fighter)           Turns: 1875, Time: 00:02:04

Health: -3/42      AC:  8    Str: 21    XL:     5   Next: 23%
Magic:  5/5        EV:  8    Int:  7    God:    Elyvilon [*.....]
Gold:   145        SH:  9    Dex: 11    Spells: 4/4 levels left

rFire    + . .     SeeInvis +   a - +0 quarterstaff
rCold    . . .     Faith    .   c - +0 kite shield
rNeg     . . .     Spirit   .   b - +0 scale mail
rPois    .         Reflect  .   (helmet unavailable)
rElec    .         Harm     .   (no cloak)
rCorr    +         Rampage  .   (no gloves)
Will     .....                  f - +0 pair of boots
Stlth    ..........             (no amulet)
HPRegen  0.14/turn              e - ring of protection from fire
MPRegen  0.09/turn              k - ring of resist corrosion

@: no status effects
A: permanent stasis, dig shafts and tunnels, four strong arms, antennae 3
a: Dig, Shaft Self, Renounce Religion, Lesser Healing, Divine Protection


You were on level 3 of the Dungeon.
You worshipped Elyvilon.
Elyvilon was aware of your devotion.
You visited 1 branch of the dungeon, and saw 3 of its levels.

You collected 145 gold pieces.

Inventory:

Hand Weapons
 a - a +0 quarterstaff (weapon)
Armour
 b - a +0 scale mail (worn)
 c - a +0 kite shield (worn)
 f - a +0 pair of boots (worn)
Jewellery
 e - a ring of protection from fire (left hand)
 k - a ring of resist corrosion (right hand)
 n - a +6 ring of intelligence {unknown}
Scrolls
 g - a scroll of identify {unknown}
 h - a scroll of blinking {unknown}
 i - a scroll of teleportation {unknown}
 j - a scroll of enchant armour {unknown}
 m - a scroll of noise {unknown}
 q - a scroll of amnesia {unknown}
Potions
 d - 3 potions of might
 l - a potion of lignification {unknown}
 o - a potion of curing {unknown}
 p - a potion of haste {unknown}


   Skills:
 + Level 4.1 Fighting
 + Level 3.0 Staves
 + Level 4.1 Armour
 + Level 4.5 Shields


You had 4 spell levels left.
You didn't know any spells.
Your spell library was empty.

Dungeon Overview and Level Annotations

Branches:
Dungeon (3/15)

Altars:
Elyvilon


Innate Abilities, Weirdness & Mutations

You cannot be hasted, slowed, berserked, paralysed or teleported.
You can dig through walls and to a lower floor.
Your four strong arms can wield two-handed weapons with a shield.
You have a pair of large antennae on your head. (SInv)


Message History

The orc barely misses you. You block the orc warrior's attack.
Unknown command.
You thump the orc warrior!
The orc warrior is almost dead.
The orc closely misses you. The orc warrior closely misses you.
Unknown command.
You closely miss the orc warrior.
The orc warrior is almost dead.
You block the orc's attack. x2
The orc warrior hits you but does no damage.
Unknown command.
You barely miss the orc warrior.
The orc warrior is almost dead.
The orc hits you but does no damage.
Unknown command.
You hit the orc warrior but do no damage.
The orc warrior is almost dead.
The orc warrior hits you with a +0 glaive!!
Ouch! That really hurt!
You die...

+.... #.... #.... .#
#.... .# #..?.##.#
#.....#?# #.....#.#
#...)$#.# #####@#{#
#oo.# ##(.# #..#
##################(#
..................>#
.###################
.#.....# .#.###.#


You could see an orc warrior and an orc.

Vanquished Creatures
  3 gnolls (D:2)
  2 adders
  3 worms (D:2)
  2 dart slugs (D:1)
  A leopard gecko (D:2)
  An orc (D:3)
  A ball python (D:2)
  2 giant cockroaches (D:1)
  8 goblins
  4 hobgoblins
  7 jackals (D:2)
  7 kobolds
  A quokka (D:2)
  5 bats
  3 frilled lizards
  6 rats
56 creatures vanquished.

Notes
Turn   | Place    | Note
-------+----------+-------------------------------------------
     0 | D:1      | Arum the Formicid Fighter began the quest for the Orb.
     0 | D:1      | Reached XP level 1. HP: 18/18 MP: 1/1
   131 | D:1      | Reached XP level 2. HP: 21/24 MP: 2/2
   549 | D:1      | Reached XP level 3. HP: 28/29 MP: 3/3
   859 | D:2      | Reached XP level 4. HP: 34/37 MP: 4/4
  1254 | D:2      | Found a faded altar of an unknown god.
  1303 | D:2      | Became a worshipper of Elyvilon the Healer
  1303 | D:2      | Reached * piety under Elyvilon
  1361 | D:2      | Reached XP level 5. HP: 25/42 MP: 5/5
  1856 | D:3      | Noticed an orc warrior
  1875 | D:3      | Slain by an orc warrior

Illustrated notes

Levels and vault maps discovered:
D:1:      eino_arrival_tree_alley, layout_basic, minivault_24,
          lemuel_old_faithful
D:2:      layout_basic, chequers_ecumenical_altar_simple
D:3:      layout_basic, grunt_ministairs_2

Skill      XL: |  1  2  3  4  5 |
---------------+----------------+-----
Shields        | 4 |  4.5
Armour         | 4 |  4.1
Fighting       | 4 |  4.1
Staves         | 3 |  3.0

Action                   |  1- 3 |  4- 6 || total
-------------------------+-------+-------++-------
Melee: Quarterstaff      |    79 |    95 ||   174
Armor: Scale mail        |    43 |    25 ||    68
Dodge: Dodged            |    18 |    29 ||    47
Block: Kite shield       |    54 |    42 ||    96
